 Seeded DCSS version 0.29-a0-541-gaf1fc19f1b (webtiles) character file.

Game seed: 5998305543906830551 (custom seed)

35 swifteh the Poker (level 3, -6/37 HPs)
             Began as an Ogre Gladiator on June 2, 2022.
             Mangled by an ice beast (9 damage)
             ... on level 4 of the Dungeon.
             The game lasted 00:03:35 (1185 turns).

swifteh the Poker (Ogre Gladiator)                  Turns: 1185, Time: 00:03:39

Health: -6/37      AC:  3    Str: 18    XL:     3   Next: 33%
Magic:  3/3        EV: 10    Int:  9    God:
Gold:   69         SH:  0    Dex: 12    Spells: 2/2 levels left

rFire   . . .      SeeInvis +   a - +0 trident
rCold   . . .      Faith    .   (no shield)
rNeg    . . .      Spirit   .   b - +0 robe
rPois   .          Reflect  .   c - +0 hat
rElec   .          Harm     .   (no cloak)
rCorr   .          Rampage  .   (gloves unavailable)
Will    .....                   (boots unavailable)
Stlth   +.........              (no amulet)
HPRegen 0.12/turn               l - ring of see invisible
MPRegen 0.08/turn               (no ring)

@: no status effects
A: large, unfitting armour, tough skin 1
a: no special abilities


You were on level 4 of the Dungeon.
You visited 1 branch of the dungeon, and saw 3 of its levels.

You collected 69 gold pieces.

Inventory:

Hand Weapons
 a - a +0 trident (weapon)
Missiles
 d - 3 throwing nets (quivered)
 e - a large rock
Armour
 b - a +0 robe (worn)
 c - a +0 hat (worn)
Jewellery
 l - a ring of see invisible (left hand)
Scrolls
 f - a scroll of blinking {unknown}
 g - a scroll of enchant armour {unknown}
 i - a scroll of fear {unknown}
 j - 3 scrolls of identify {unknown}
 n - a scroll of teleportation {unknown}
Potions
 h - a potion of flight {unknown}
 k - a potion of curing {unknown}
 m - a potion of mutation {unknown}


   Skills:
 + Level 3.0 Fighting
 + Level 3.5 Polearms
 + Level 2.0 Throwing
 + Level 3.3 Dodging


You had 2 spell levels left.
You didn't know any spells.
Your spell library was empty.

Dungeon Overview and Level Annotations

Branches:
Dungeon (2/15)

Altars:


Innate Abilities, Weirdness & Mutations

You are too large for most types of armour.
You have tough skin. (AC +1)


Message History

There is an open door here.
Found 10 stones.
You open the door.
There is an open door here.
An ice beast comes into view.
A hobgoblin comes into view.
The hobgoblin shouts!
The ice beast hits you. The ice beast freezes you!
You hit the ice beast.
The ice beast is lightly wounded.
The ice beast misses you.
You barely miss the ice beast.
The ice beast is lightly wounded.
The ice beast barely misses you.
You closely miss the ice beast.
The ice beast is lightly wounded.
The ice beast hits you but does no damage.
The ice beast closely misses you.
You hit the ice beast.
The ice beast is moderately wounded.
The hobgoblin closely misses you. The ice beast hits you.
The ice beast freezes you!
* * * LOW HITPOINT WARNING * * *
You barely miss the ice beast.
The ice beast is moderately wounded.
The ice beast barely misses you.
The hobgoblin hits you but does no damage.
You hit the ice beast.
The ice beast is moderately wounded.
The hobgoblin hits you.
* * * LOW HITPOINT WARNING * * *
The ice beast barely misses you.
You hit the ice beast but do no damage.
The ice beast is moderately wounded.
The hobgoblin hits you.
* * * LOW HITPOINT WARNING * * *
The ice beast hits you.
* * * LOW HITPOINT WARNING * * *
The ice beast freezes you!
You die...

#. #. # #. .# #.
..# #.#+######..#
#####...........#
##...##..........#
#...Y@...........#
#....g...##..##..#
##.......##..##..#
#...######......#
#...#....#..#####
#...#....#..#
#...#....#..# ..
#...#....#..# ...
#...('..#....


You could see an ice beast and a hobgoblin.

Vanquished Creatures
  An adder (D:4)
  A bat (D:2)
  3 endoplasms
  A giant cockroach (D:1)
  3 goblins
  2 hobgoblins (D:1)
  5 jackals (D:1)
  3 kobolds (D:1)
  2 ball pythons
  A rat (D:1)
22 creatures vanquished.

Notes
Turn   | Place    | Note
-------+----------+-------------------------------------------
     0 | D:1      | swifteh the Ogre Gladiator began the quest for the Orb.
     0 | D:1      | Reached XP level 1. HP: 22/22 MP: 1/1
   115 | D:1      | Found a faded altar of an unknown god.
   136 | D:1      | Reached XP level 2. HP: 23/29 MP: 2/2
   968 | D:2      | Reached XP level 3. HP: 32/37 MP: 3/3
  1118 | D:2      | You fall into a shaft and drop 2 floors!
  1175 | D:4      | Noticed an ice beast
  1185 | D:4      | Mangled by an ice beast

Illustrated notes

Levels and vault maps discovered:
D:1:      nzn_arrival_crosshair, layout_basic,
          hellmonk_ecumenical_altar_arch_garden
D:2:      layout_basic, serial_bayou_pond_e
D:4:      layout_gridville, lemuel_tele_altar, serial_shops, shop,
          uniq_blork_the_orc, uniq_menkaure

Skill      XL: |  1  2 |
---------------+-------+-----
Dodging        | 3 |  3.3
Fighting       | 3 |  3.0
Polearms       | |  3.5
Throwing       | |  2.0

Action                   || total
-------------------------++-------
Melee: Trident           ||    58
       Punch             ||     1
Armor: Robe              ||    22
Dodge: Dodged            ||    47

Table legend: (Time is in decaauts)
 A = Elapsed time spent in this place.
 B = Non-inter-level travel time spent in this place.
 C = Inter-level travel time spent in this place.
 D = Time resting spent in this place.
 E = Time spent auto-exploring this place.
 F = Levels seen in this place.
 G = Mean time per level.
                   A        B        C        D        E       F      G
               +--------+--------+--------+--------+--------+-----+--------+
         Total |   1192 |   1192 |      0 |    222 |    635 |   3 |  397.3 |
       Dungeon |   1192 |   1192 |      0 |    222 |    635 |   3 |  397.3 |
               +--------+--------+--------+--------+--------+-----+--------+

Top non-repeatable levels by time:
     D:1: 914 daAuts
     D:2: 209 daAuts
     D:4: 68 daAuts
